 Dungeon Crawl Stone Soup version 0.16.1 (webtiles) character file.

7921 Meow the Fighter (level 11, -15/85 HPs)
             Began as an Octopode Wizard on Mar 24, 2015.
             Was a High Priest of Okawaru.
             Demolished by a two-headed ogre
             ... wielding a +0 giant club
              (22 damage)
             ... on level 11 of the Dungeon.
             The game lasted 01:42:37 (16197 turns).

Meow the Fighter (Octopode Wizard)                 Turns: 16197, Time: 01:42:39

Health: -15/85     AC:  8    Str:  6    XL:     11   Next: 22%
Magic:  0/29       EV: 12    Int: 25    God:    Okawaru [*****.]
Gold:   563        SH:  0    Dex: 16    Spells: 5 memorised, 6 levels left

rFire  . . .     SeeInvis .     a - +2 scythe (protect)
rCold  . . .     Clarity  .     (no shield)
rNeg   + . .     SustAb   .     u - +2 hat of the Bear Spirit {Spirit, +Rage rN+ MR++}
rPois  .         Gourm    .     (no amulet)
rElec  .         Spirit   +     t - +6 ring of dexterity
rCorr  .         Warding  .     N - ring of magical power
rMut   .         Stasis   .     (no ring)
MR     ++...                    (no ring)
Stlth  +++.......               (no ring)
                                (no ring)
                                (no ring)
                                (no ring)

@: very slightly contaminated, very resistant to hostile enchantments, fairly
stealthy
A: almost no armour, amphibious, 8 rings, constrict 8, camouflage 1, breathe
flames 1, mutation resistance 1, gelatinous body 1
a: Heroism, Finesse, Renounce Religion, Breathe Fire, Evoke Berserk Rage


You were on level 11 of the Dungeon.
You worshipped Okawaru.
Okawaru was extremely pleased with you.
You were hungry.

You visited 2 branches of the dungeon, and saw 12 of its levels.
You also visited: Ossuary.

You collected 643 gold pieces.
You spent 80 gold pieces at shops.

Inventory:

Hand weapons
 a - a +2 scythe of protection (weapon)
 b - a +2 morningstar of holy wrath
 w - the +7 hunting sling of Inference {freeze, rElec rF++}
   (Okawaru gifted it to you on level 10 of the Dungeon)

   It causes projectiles fired from it to freeze those they strike, causing
   extra injury to most foes and up to half again as much damage against
   particularly susceptible opponents.
   They can also slow down cold-blooded creatures.
   It greatly protects you from fire.
   It insulates you from electricity.
Missiles
 i - 3 javelins of returning (quivered)
Armour
 u - the +2 hat of the Bear Spirit (worn) {Spirit, +Rage rN+ MR++}
   (You found it on level 4 of the Dungeon)

   It protects you from negative energy.
   It affects your resistance to hostile enchantments.
   It lets you go berserk.
 A - a +1 hat
Jewellery
 t - a +6 ring of dexterity (left tentacle)
 N - a ring of magical power (right tentacle)
Magical devices
 o - a wand of confusion (29)
 r - a wand of lightning (3)
 z - a wand of flame (13)
 C - a wand of slowing (0)
 F - a wand of flame (14)
 G - a wand of disintegration (13)
 L - a wand of cold (3)
 R - a wand of enslavement (9)
Scrolls
 e - a scroll of torment {unknown}
 h - 14 scrolls of identify
 q - 7 scrolls of blinking
 v - 2 scrolls of remove curse
 y - 2 scrolls of teleportation
 E - a scroll of amnesia
 I - a scroll of enchant weapon {unknown}
 M - 2 scrolls of summoning {unknown}
 Q - a scroll of recharging {unknown}
Potions
 g - a potion of cancellation
 k - a potion of resistance {unknown}
 l - 2 potions of brilliance
 m - 2 potions of cure mutation
 n - 8 potions of haste
 s - a potion of magic {unknown}
 x - a potion of mutation
 S - a potion of might
 T - a potion of agility {unknown}
 U - 2 potions of flight {unknown}
 V - a potion of invisibility {unknown}
 W - a potion of beneficial mutation
Books
 c - a book of Minor Magic

   Spells                             Type                      Level
   a - Magic Dart                     Conjuration                  1
   b - Blink                          Translocation                2
   c - Call Imp                       Summoning                    2
   d - Repel Missiles                 Charms/Air                   2
   e - Slow                           Hexes                        2
   f - Conjure Flame                  Conjuration/Fire             3
   g - Mephitic Cloud                 Conjuration/Poison/Air       3
Comestibles
 d - 6 bread rations
 f - 7 meat rations
 j - 2 beef jerkies
 p - a royal jelly


   Skills:
 * Level 11.8 Fighting
 - Level 2.0 Dodging
 - Level 2.6 Stealth
 - Level 11.7 Unarmed Combat
 + Level 3.0 Spellcasting
 + Level 1.0 Conjurations
   Level 1.0 Summonings
 - Level 1.0 Translocations
 - Level 1.0 Air Magic
 + Level 0.0 Invocations


You had 6 spell levels left.
You knew the following spells:

 Your Spells              Type           Power        Failure   Level  Hunger
a - Magic Dart            Conj           #...         10%         1    None
c - Mephitic Cloud        Conj/Pois/Air  #.......     28%         3    ###....
f - Repel Missiles        Chrm/Air       #.....       14%         2    ##.....
s - Slow                  Hex            #.......     17%         2    ##.....
t - Blink                 Tloc           N/A          12%         2    ##.....


Dungeon Overview and Level Annotations

Branches:
Dungeon (11/15)            Temple (1/1) D:4
   Lair: D:8-11         Orc: D:9-12

Altars:
Ashenzari
Cheibriados
Dithmenos
Elyvilon
Fedhas
Gozag
Kikubaaqudgha
Makhleb
Nemelex Xobeh
Okawaru
Qazlal
Ru
Sif Muna
Trog
Vehumet
Xom
Yredelemnul
Zin
The Shining One

Shops:
D:5 ?   D:10 !


Innate Abilities, Weirdness & Mutations

You cannot wear most types of armour.
You are amphibious.
You can wear up to eight rings at the same time.
You can use your tentacles to constrict many enemies at once.
Your skin changes colour to match your surroundings (Stealth).
Your rubbery body absorbs attacks (AC +1).
You can breathe flames.
You are somewhat resistant to further mutation.


Message History

The two-headed ogre hits you with a giant club!
* * * LOW HITPOINT WARNING * * *
The two-headed ogre hits you with a dire flail!
* * * LOW HITPOINT WARNING * * *
The orc priest is engulfed in noxious fumes.
The orc priest appears confused.
The orc priest screams, "I'll kill you anyway!"
Casting: Mephitic Cloud
Confirm with . or Enter, or press ? or * to list all spells.
You don't have enough magic to cast that spell.
Casting: Mephitic Cloud
Confirm with . or Enter, or press ? or * to list all spells.
You don't know that spell.
Casting: Mephitic Cloud
Confirm with . or Enter, or press ? or * to list all spells.
You miscast Blink.
You are very lightly contaminated with residual magic.
You feel a wrenching sensation.
The two-headed ogre hits you with a giant club!!
You die...

............#
.....$.......####
...................
.........≈≈........
..........≈........
#...≈..............
#...........).o####
#..........O......#
#..........@......#
####.............#
#..............#
#########......#
....h.# ......
..... ##..


You could see a two-headed ogre, a warg (wandering) and an orc priest
(confused).

Vanquished Creatures
  Pikel (D:8)
  Joseph (D:7)
  The ghost of edsrzf the Insei, an average DrTm of Cheibriados (D:4)
  Grinder (D:6)
  2 two-headed ogres
  5 yaks (D:10)
  2 hungry ghosts
  4 hippogriffs
  A wasp (D:8)
  2 orc warriors
  A black bear (D:9)
  2 sky beasts
  A slave (D:8)
  3 ice beasts
  A necrophage (D:9)
  A phantom (D:5)
  6 ogres
  6 centaurs
  Sigmund (D:2)
  Duvessa (D:5)
  A gnoll sergeant (D:7)
  Blork the orc (D:6)
  7 giant frogs
  A scorpion (D:6)
  6 killer bees (D:9)
  3 crimson imps (D:7)
  2 goliath beetles
  Dowan (D:5)
  A quasit (D:9)
  2 centaur skeletons
  2 centaur zombies
  3 gnoll shamans (D:4)
  6 hounds
  3 iguanas
  3 jellies
  6 orc priests
  4 orc wizards
  8 worker ants
  A killer bee zombie (D:9)
  Terence (D:2)
  10 mummies
  2 worker ant zombies
  2 hound skeletons
  5 adders
  49 gnolls
  2 shadow imps (D:5)
  A worm (D:2)
  3 giant mites
  An adder zombie (D:5)
  2 adder skeletons
  5 giant geckos
  An ooze (D:4)
  28 orcs
  2 bat skeletons
  A bat zombie (D:8)
  5 giant cockroaches
  A gnoll zombie (Ossuary)
  12 goblins
  19 hobgoblins
  19 jackals
  11 quokkas
  7 bats
  2 giant gecko skeletons
  A giant mite zombie (D:5)
  7 giant newts
  2 giant spores (D:8)
  A hobgoblin zombie (Ossuary)
  A jackal skeleton (D:6)
  14 kobolds
  A kobold zombie (Ossuary)
  7 orc zombies
  2 quokka zombies
  11 rats
  3 ballistomycetes (D:8)
  A plant (D:4)
346 creatures vanquished.

Vanquished Creatures (others)
  A yak (D:10)
  An orc priest (D:8)
  An orc wizard (D:8)
  An orc (D:8)
  3 jackals (D:6)
7 creatures vanquished.

Grand Total: 353 creatures vanquished

Notes
Turn   | Place    | Note
--------------------------------------------------------------
     0 | D:1      | Meow, the Octopode Wizard, began the quest for the Orb.
     0 | D:1      | Reached XP level 1. HP: 11/11 MP: 4/4
   186 | D:1      | Reached skill level 1 in Fighting
   190 | D:1      | Reached XP level 2. HP: 16/18 MP: 0/6
   241 | D:1      | Reached skill level 1 in Unarmed Combat
   633 | D:1      | Reached XP level 3. HP: 19/23 MP: 5/7
   638 | D:1      | Learned a level 3 spell: Mephitic Cloud
  1048 | D:2      | Found an opulent altar of Gozag.
  1201 | D:2      | Reached XP level 4. HP: 20/29 MP: 1/9
  1354 | D:2      | Noticed Sigmund
  1607 | D:2      | Noticed Terence
  2698 | D:3      | Learned a level 2 spell: Blink
  2701 | D:3      | Learned a level 2 spell: Repel Missiles
  2978 | D:4      | Reached XP level 5. HP: 36/36 MP: 6/11
  3301 | D:4      | Noticed edsrzf's ghost (average DrTm)
  3410 | D:4      | Found a staircase to the Ecumenical Temple.
  3430 | Temple   | Entered the Ecumenical Temple
  3458 | Temple   | Became a worshipper of Warmaster Okawaru
  4645 | D:4      | Reached skill level 4 in Fighting
  4645 | D:4      | Reached XP level 6. HP: 43/43 MP: 9/12
  4873 | D:2      | Killed Sigmund
  5032 | D:2      | Killed Terence
  5232 | D:4      | Acquired Okawaru's first power
  5261 | D:4      | Reached XP level 7. HP: 44/49 MP: 2/14
  5413 | D:4      | Reached skill level 5 in Fighting
  5490 | D:4      | Reached skill level 5 in Unarmed Combat
  6053 | D:4      | Noticed an ogre
  6058 | D:4      | Killed an ogre
  6199 | D:5      | Entered Level 5 of the Dungeon
  6199 | D:5      | Found Reitot's Magic Scroll Shop.
  6213 | D:5      | Reached skill level 6 in Fighting
  6265 | D:5      | Reached XP level 8. HP: 43/57 MP: 6/16
  6831 | D:7      | Noticed Joseph
  7045 | D:7      | Killed Joseph
  7045 | D:7      | Reached skill level 7 in Fighting
  7267 | D:7      | Reached skill level 8 in Fighting
  7267 | D:7      | Reached XP level 9. HP: 45/66 MP: 16/17
  7494 | D:7      | Learned a level 2 spell: Slow
  7937 | D:6      | Noticed Grinder
  7949 | D:6      | Killed Grinder
  8020 | D:6      | Gained mutation: You can breathe flames. [potion of mutation]
  8020 | D:6      | Gained mutation: You are somewhat resistant to further mutation. [potion of mutation]
  8148 | D:6      | Noticed Blork the orc
  8158 | D:6      | Killed Blork the orc
  8378 | D:6      | Found a stormy altar of Qazlal.
  8656 | D:6      | Reached skill level 9 in Fighting
  8696 | D:6      | Got a jewelled spear
  8697 | D:6      | Identified the cursed +2 spear of Cixaczig {freeze, Dex+2} (You found it on level 6 of the Dungeon)
  8848 | D:6      | Received a gift from Okawaru
  9203 | D:5      | Noticed Duvessa
  9204 | D:5      | Noticed Dowan
  9584 | D:5      | Killed Dowan
  9611 | D:5      | Killed Duvessa
  9800 | D:5      | You fall through a shaft for 2 floors!
 10095 | D:4      | Reached XP level 10. HP: 61/76 MP: 18/18
 10884 | D:8      | Reached skill level 10 in Fighting
 11108 | D:8      | Found a sand-covered staircase.
 11112 | Ossuary  | Entered an ossuary
 11452 | D:8      | Noticed Pikel
 11763 | D:8      | Reached skill level 10 in Unarmed Combat
 11928 | D:8      | Killed Pikel
 12111 | D:8      | Acquired Okawaru's second power
 12798 | D:4      | Killed edsrzf's ghost
 13224 | D:9      | Found a shattered altar of Ashenzari.
 13418 | D:9      | Reached skill level 11 in Fighting
 14319 | D:10     | Entered Level 10 of the Dungeon
 14414 | D:10     | Received a gift from Okawaru
 14417 | D:10     | Got a smoking hunting sling {god gift}
 14419 | D:10     | Identified the +7 hunting sling of Inference {freeze, rElec rF++} (Okawaru gifted it to you on level 10 of the Dungeon)
 14459 | D:10     | Reached skill level 1 in Air Magic
 14459 | D:10     | Reached XP level 11. HP: 31/83 MP: 9/20
 14477 | D:10     | Found Niemai Dyck's Distillery.
 14482 | D:10     | Bought a potion of heal wounds for 80 gold pieces
 16008 | D:10     | HP: 1/85 [red ugly thing (11)]
 16197 | D:11     | Demolished by a two-headed ogre

Action                   |  1- 3 |  4- 6 |  7- 9 | 10-12 || total
-------------------------+-------+-------+-------+-------++-------
Melee: Unarmed           |    42 |    58 |       |   161 ||   261
       Morningstar       |       |    32 |       |       ||    32
       Scythe            |       |    16 |   281 |   244 ||   541
       Halberd           |       |     6 |       |       ||     6
Throw: Javelin           |       |       |       |     2 ||     2
 Cast: Magic Dart        |    43 |   147 |   131 |    80 ||   401
       Mephitic Cloud    |     2 |    28 |    51 |    58 ||   139
       Repel Missiles    |       |       |     3 |     2 ||     5
       Blink             |       |       |     1 |     3 ||     4
       Slow              |       |       |     3 |     1 ||     4
Invok: Heroism           |       |       |       |     1 ||     1
 Abil: Evoke Berserk Rag |       |       |       |     1 ||     1
  Use: Potion            |     2 |       |     9 |     8 ||    19
       Scroll            |       |       |    11 |     2 ||    13
 Stab: Confused          |       |     6 |    18 |    23 ||    47
       Sleeping          |       |     1 |       |     5 ||     6
  Eat: Chunk             |     1 |    15 |    19 |    20 ||    55
       Fruit             |       |     1 |       |     4 ||     5
       Meat ration       |       |       |     1 |       ||     1
       Beef jerky        |       |       |     1 |     3 ||     4
       Pizza             |       |       |     1 |       ||     1
